 Dungeon Crawl Stone Soup version 0.18.1-50-g88ac8fd (webtiles) character file.

78 Kayy the Magician (level 4, 0/30 HPs)
             Began as a Formicid Air Elementalist on Oct 12, 2016.
             Slain by an adder (1 damage)
             ... on level 3 of the Dungeon.
             The game lasted 00:17:14 (3011 turns).

Kayy the Magician (Formicid Air Elementalist)       Turns: 3011, Time: 00:17:15

Health: 0/30       AC: 13    Str: 13    XL:     4   Next: 61%
Magic:  2/8        EV:  3    Int: 12    God:
Gold:   63         SH:  0    Dex: 12    Spells: 1 memorised, 7 levels left

rFire  . . .     SeeInvis +     e - +0 hand axe
rCold  . . .     Gourm    .     h - +3 plate armour
rNeg   . . .     Faith    .     (no shield)
rPois  .         Spirit   .     (helmet unavailable)
rElec  .         Dismiss  .     (no cloak)
rCorr  .         Reflect  .     (no gloves)
SustAt .         Harm     .     (no boots)
MR     .....                    (no amulet)
Stlth  ..........               (no ring)
                                (no ring)

@: contaminated, glowing, not resistant to hostile enchantments, extremely
unstealthy
A: permanent stasis, dig shafts and tunnels, four strong arms, antennae 3, dopey
1
a: Dig, Shaft Self


You were on level 3 of the Dungeon.
You were not hungry.

You visited 1 branch of the dungeon, and saw 3 of its levels.

You collected 63 gold pieces.

Inventory:

Hand Weapons
 e - a +0 hand axe (weapon)
Armour
 h - a +3 plate armour (worn)
Scrolls
 d - 4 scrolls of identify
 f - a scroll of remove curse {unknown}
 i - a scroll of enchant weapon {unknown}
Potions
 g - a potion of berserk rage
Books
 b - a book of Air

   Spells                             Type                      Level
   a - Shock                          Conjuration/Air              1
   b - Swiftness                      Charms/Air                   2
   c - Repel Missiles                 Charms/Air                   2
   d - Static Discharge               Conjuration/Air              3
   e - Lightning Bolt                 Conjuration/Air              5
Comestibles
 a - a chunk of flesh
 c - 3 bread rations
 j - 4 fruits


   Skills:
 + Level 0.2 Fighting
 + Level 0.2 Axes
 + Level 0.9 Armour
 + Level 2.2 Dodging
 + Level 2.6 Stealth
 + Level 2.9 Spellcasting
 + Level 1.5 Conjurations
 + Level 2.9 Air Magic


You had 7 spell levels left.
You knew the following spells:

 Your Spells              Type           Power        Failure   Level  Hunger
a - Shock                 Conj/Air       #...         100%        1    #......


Dungeon Overview and Level Annotations

Branches:
Dungeon (3/15)

Altars:


Innate Abilities, Weirdness & Mutations

You are under a permanent stasis effect.
You can dig through walls and to a lower floor.
Your four strong arms can wield two-handed weapons with a shield.
You have a pair of large antennae on your head (SInv).
You are dopey. (Int -2)


Message History

The adder is heavily wounded.
The adder bites you but does no damage. x2
You hit the adder.
The adder is heavily wounded.
The adder bites you.
* * * LOW HITPOINT WARNING * * *
You miss the adder.
The adder is heavily wounded.
The adder bites you but does no damage. x2
You miss the adder.
The adder is heavily wounded.
The adder bites you.
* * * LOW HITPOINT WARNING * * *
You hit the adder.
The adder is severely wounded.
The adder bites you but does no damage. The adder barely misses you.
You miss the adder.
The adder is severely wounded.
The adder bites you.
You die...

##.%....#####...#
#..###..# #...##
##.###..## #..##
#..##..## #..# #..##.#
######### ...##.#
≈≈≈≈≈≈≈.# #.....#
#######.# ##.#..# #.#
#S# #..#%.# #.# #@#
......######.###.#######
#.#.....##.>.#.........#
#(##.##................#
#. #.##.#.(###.[(......#
#. #.##(..## #..)......#
#.##.###### #.........#
....<....# #.........#
#....###..# #.........#


You could see an adder.

Vanquished Creatures
  An adder (D:2)
  An ooze (D:2)
  A worm (D:2)
  4 dart slugs
  4 orcs (D:2)
  A ball python (D:3)
  3 bats
  3 giant cockroaches
  3 goblins
  7 hobgoblins
  2 jackals (D:1)
  8 kobolds
  4 giant newts
  5 rats
47 creatures vanquished.

Notes
Turn   | Place    | Note
--------------------------------------------------------------
     0 | D:1      | Kayy the Formicid Air Elementalist began the quest for the Orb.
     0 | D:1      | Reached XP level 1. HP: 13/13 MP: 3/3
    16 | D:1      | Reached skill level 1 in Conjurations
   193 | D:1      | Reached XP level 2. HP: 11/19 MP: 1/5
  1179 | D:1      | Reached XP level 3. HP: 24/24 MP: 3/6
  2106 | D:2      | Reached XP level 4. HP: 13/30 MP: 0/8
  2790 | D:2      | Gained mutation: You are dopey. (Int -2) [mutagenic glow]
  3009 | D:3      | HP: 1/30 [adder (3)]
  3011 | D:3      | Slain by an adder

Skill      XL: |  1  2  3 |
---------------+----------+-----
Conjurations   | 1 |  1.5
Dodging        | 2 |  2.2
Fighting       | |  0.2
Axes           | |  0.2
Armour         | |  0.9
Stealth        | |  2.6
Spellcasting   | |  2.9
Air Magic      | |  2.9

Action                   |  1- 3 |  4- 6 || total
-------------------------+-------+-------++-------
Melee: Whip              |    14 |       ||    14
       Club              |    13 |       ||    13
       Hand axe          |    36 |    75 ||   111
 Cast: Shock             |    52 |     9 ||    61
  Use: Scroll            |     4 |       ||     4
       Potion            |     1 |     1 ||     2
  Eat: Chunk             |     4 |     3 ||     7
       Royal jelly       |       |     1 ||     1
Armor: Ring mail         |    52 |     2 ||    54
       Robe              |     5 |       ||     5
       Plate armour      |       |    91 ||    91
Dodge: Dodged            |    76 |    24 ||   100
